AoeStats
← kkkg

Arena

507058193Analyzed
1v1 RM · 16d ago on Sep 16, 2026· 41m 55s· 2 players
Game mode
Random Map
Map size
Tiny (2 player)
Population
200
Speed
Normal
Resources
Standard
Victory
Conquest
Starting age
Dark Age
Ending age
Imperial Age
RankedLock teamsTeams togetherTeam positionsShared explorationLock speedFull tech treeHidden civsTurbo modeCheats
Victory
Defeat
🇨🇳 Bulgarians · China
918
+14
🇨🇳 Goths · China
880
-14
青春如此多娇
10:59 Feudal Age
17:20 Castle Age
15:58 Double-Bit Axe
15:56 Horse Collar
19:29 Bow Saw
21:26 Wheelbarrow
21:04 Scale Mail Armor
29:35 Imperial Age
28:25 Anarchy
29:27 Chain Mail Armor
29:23 Forging
29:32 Gold Mining
29:33 Stone Mining
30:31 Hand Cart
30:48 Conscription
31:53 Two-Man Saw
31:00 Heavy Plow
32:25 Iron Casting
32:32 Crop Rotation
32:13 Squires
31:34 Pikeman
32:12 Capped Ram
33:29 Elite Huskarl
36:16 Chemistry
35:42 Halberdier
39:16 Blast Furnace
kkkg
10:37 Feudal Age
12:42 Double-Bit Axe
15:01 Castle Age
14:24 Horse Collar
16:41 Bow Saw
23:14 Wheelbarrow
23:19 Fervor
24:56 Gold Mining
24:56 Stone Mining
25:29 Hand Cart
27:29 Gold Shaft Mining
27:30 Stone Shaft Mining
30:32 Imperial Age
27:49 Loom
27:50 Town Watch
30:17 Ballistics
30:09 Masonry
30:03 Town Patrol
30:20 Scale Barding Armor
30:27 Forging
31:03 Stirrups
31:35 Chain Barding Armor
31:51 Iron Casting
31:40 Conscription
31:30 Heavy Plow
33:19 Chemistry
32:53 Architecture
32:31 Squires
32:19 Gambesons
32:21 Arson
33:31 Crop Rotation
34:26 Plate Barding Armor
34:51 Blast Furnace
33:52 Scale Mail Armor
35:01 Elite Konnik
37:26 Blast Furnace
39:17 Chain Mail Armor
Connection lost

Rejoining the realm…

Still unreachable

The connection could not be restored.

Session expired

The server has moved on; the page needs a fresh start.